AoeStats
← Kracih

Lombardia

507583627Analyzed
3v3 RM · 12d ago on Sep 18, 2026· 90m 24s· 6 players
Game mode
Random Map
Map size
Normal (6 player)
Population
200
Speed
Normal
Resources
Standard
Victory
Conquest
Starting age
Dark Age
Ending age
Imperial Age
RankedLock teamsTeams togetherTeam positionsShared explorationLock speedFull tech treeHidden civsTurbo modeCheats
Victory
Defeat
1035
+17
🇷🇺 Persians · Russia
1022
+18
🇺🇸 Portuguese · United States
966
+20
🇨🇴 Koreans · Colombia
1189
-24
🇪🇸 Persians · Spain
1006
-16
🇪🇸 Franks · Spain
982
-15
Kracih
7:40 Loom
11:26 Feudal Age
14:56 Castle Age
13:34 Horse Collar
14:26 Double-Bit Axe
24:16 Pikeman
39:12 Imperial Age
39:10 Husbandry
39:21 Bloodlines
43:05 Imperial Age
42:05 Wheelbarrow
44:14 Cavalier
45:31 Heavy Plow
45:28 Gold Mining
45:58 Bow Saw
46:51 Savar
47:52 Forging
47:48 Scale Barding Armor
50:37 Light Cavalry
52:22 Hussar
53:56 Iron Casting
55:04 Chain Barding Armor
55:47 Blast Furnace
54:41 Fletching
56:09 Conscription
60:23 Kamandaran
60:16 Elite Skirmisher
61:04 Thumb Ring
64:23 Bodkin Arrow
65:04 Plate Barding Armor
68:03 Padded Archer Armor
RagingRaja
11:11 Feudal Age
16:02 Castle Age
14:01 Double-Bit Axe
18:58 Horse Collar
19:29 Bow Saw
21:18 Heavy Plow
23:36 Forging
23:55 Scale Mail Armor
23:39 Pikeman
25:25 Loom
33:48 Imperial Age
31:50 Scale Mail Armor
35:45 Iron Casting
35:26 Chain Mail Armor
35:35 Conscription
37:04 Halberdier
41:21 Elite Organ Gun
43:18 Chemistry
42:39 Ballistics
44:07 Light Cavalry
44:59 Bloodlines
44:50 Husbandry
46:26 Blast Furnace
45:32 Scale Barding Armor
52:03 Chain Barding Armor
71:05 Plate Mail Armor
71:11 Plate Barding Armor
74:45 Fletching
74:55 Padded Archer Armor
[doGs] Charlie the Flamingo.
5:04 Loom
12:31 Feudal Age
20:19 Castle Age
18:45 Horse Collar
19:31 Stone Mining
19:30 Double-Bit Axe
19:52 Town Watch
20:04 Gold Mining
21:53 Wheelbarrow
26:24 Fervor
28:26 Hand Cart
30:25 Murder Holes
31:08 Fletching
31:41 Ballistics
31:27 Pikeman
33:34 Gold Shaft Mining
38:03 Imperial Age
35:56 Guard Tower
36:18 Fortified Wall
36:16 Yasama
37:36 Town Patrol
37:18 Treadmill Crane
37:35 Bodkin Arrow
37:51 Forging
37:42 Scale Mail Armor
38:40 Masonry
38:56 Caravan
39:00 Heavy Plow
39:11 Bow Saw
39:40 Keep
40:06 Chemistry
38:53 Arrowslits
39:12 Bracer
39:48 Siege Engineers
40:38 Hoardings
40:06 Squires
40:33 Conscription
41:46 Kataparuto
40:47 Elite Samurai
41:42 Halberdier
42:53 Arson
49:23 Iron Casting
49:03 Chain Mail Armor
53:52 Plate Mail Armor
54:23 Blast Furnace
54:37 Thumb Ring
53:52 Elite Skirmisher
55:46 Gambesons
59:10 Parthian Tactics
59:11 Heavy Cavalry Archer
67:11 Sanctity
69:21 Husbandry
69:31 Bloodlines
70:35 Capped Ram
81:02 Padded Archer Armor
81:07 Scale Barding Armor
90:59 Two-Man Saw
Elamb
4:58 Loom
10:02 Feudal Age
10:33 Double-Bit Axe
19:46 Castle Age
18:23 Scale Barding Armor
18:31 Gold Mining
19:11 Bloodlines
19:15 Forging
21:17 Bow Saw
20:50 Horse Collar
22:12 Wheelbarrow
21:23 Town Watch
22:30 Chain Barding Armor
22:15 Husbandry
28:27 Wheelbarrow
28:34 Heavy Plow
34:50 Imperial Age
33:30 Iron Casting
34:52 Gold Shaft Mining
34:47 Hand Cart
36:20 Plate Barding Armor
36:27 Crop Rotation
36:04 Cavalier
39:08 Chemistry
39:14 Blast Furnace
38:05 Fletching
39:26 Conscription
39:27 Savar
40:46 Masonry
40:57 Ballistics
41:18 Murder Holes
43:50 Architecture
43:23 Bodkin Arrow
43:21 Stone Mining
45:31 Kamandaran
45:01 Heavy Scorpion
46:01 Padded Archer Armor
46:49 Thumb Ring
46:05 Crossbowman
50:07 Leather Archer Armor
52:59 Capped Ram
65:50 Ring Archer Armor
65:23 Siege Ram
68:13 Two-Man Saw
69:59 Town Patrol
77:10 Light Cavalry
87:46 Elite Skirmisher
Joy el Implacable
8:41 Loom
11:04 Feudal Age
11:55 Double-Bit Axe
16:08 Wheelbarrow
20:06 Castle Age
20:01 Gold Mining
20:31 Light Cavalry
21:11 Husbandry
21:59 Bow Saw
23:07 Fletching
23:16 Stone Mining
23:51 Bodkin Arrow
25:16 Town Watch
25:47 Horse Collar
32:29 Thumb Ring
33:14 Eupseong
34:37 Heavy Plow
38:06 Imperial Age
36:42 Hand Cart
37:07 Ballistics
38:17 Gold Shaft Mining
38:17 Stone Shaft Mining
40:03 Chemistry
39:14 Masonry
39:41 Siege Engineers
40:16 Heavy Rocket Cart
42:20 Two-Man Saw
42:28 Masonry
42:01 Treadmill Crane
43:24 Bracer
43:14 Arrowslits
43:27 Murder Holes
46:59 Guilds
46:50 Caravan
47:20 Coinage
47:57 Elite Skirmisher
49:42 Crossbowman
53:56 Scale Mail Armor
54:06 Forging
53:23 Arbalester
54:42 Shinkichon
54:43 Conscription
53:47 Pikeman
54:28 Squires
55:12 Halberdier
56:08 Chain Mail Armor
56:29 Iron Casting
57:14 Elite Fire Lancer
58:44 Masonry
58:45 Fortified Wall
59:08 Plate Mail Armor
61:25 Architecture
61:43 Arson
80:03 Capped Ram
87:36 Heavy Cavalry Archer
Kaede
7:30 Loom
10:33 Feudal Age
12:48 Double-Bit Axe
21:02 Castle Age
19:23 Forging
19:19 Scale Barding Armor
21:09 Wheelbarrow
22:34 Bow Saw
22:49 Chain Barding Armor
23:05 Iron Casting
22:32 Pikeman
24:00 Gold Mining
32:37 Hand Cart
34:10 Ballistics
36:43 Husbandry
38:00 Caravan
40:41 Imperial Age
40:55 Fletching
41:06 Padded Archer Armor
41:06 Murder Holes
42:21 Town Watch
42:05 Cavalier
44:56 Chemistry
44:35 Paladin
48:11 Plate Barding Armor
48:59 Blast Furnace
47:59 Bodkin Arrow
51:49 Arrowslits
54:08 Conscription
70:02 Light Cavalry
78:06 Elite Skirmisher
Connection lost

Rejoining the realm…

Still unreachable

The connection could not be restored.

Session expired

The server has moved on; the page needs a fresh start.